 Dungeon Crawl Stone Soup version 0.24.0-13-gcf9b3192b9 (webtiles) character file.

Game seed: 17409145864093142027, levelgen mode: deterministic

37 Esekla the Vexing (level 3, -1/26 HPs)
             Began as a Formicid Enchanter on Nov 5, 2019.
             Slain by a hobgoblin
             ... wielding a +0 club
              (6 damage)
             ... on level 1 of the Dungeon.
             The game lasted 00:05:43 (827 turns).

Esekla the Vexing (Formicid Enchanter)               Turns: 827, Time: 00:05:43

Health: -1/26      AC:  2    Str: 13    XL:     3   Next: 60%
Magic:  7/7        EV: 12    Int: 14    God:
Gold:   103        SH:  0    Dex: 11    Spells: 6/7 levels left

rFire    . . .     SeeInvis +   a - +1 dagger
rCold    . . .     Gourm    .   (no shield)
rNeg     . . .     Faith    .   b - +0 robe
rPois    .         Spirit   .   (helmet unavailable)
rElec    .         Reflect  .   (no cloak)
rCorr    .         Harm     .   (no gloves)
MR       .....                  (no boots)
Stlth    ++........             (no amulet)
HPRegen  0.08/turn              (no ring)
MPRegen  0.10/turn              (no ring)

@: no status effects
A: permanent stasis, dig shafts and tunnels, four strong arms, antennae 3
a: Dig, Shaft Self


You were on level 1 of the Dungeon.
You were not hungry.

You visited 1 branch of the dungeon, and saw 1 of its levels.

You collected 103 gold pieces.

Inventory:

Hand Weapons
 a - a +1 dagger (weapon)
 f - a +0 spear
Missiles
 h - 20 poisoned darts (quivered)
Armour
 b - a +0 robe (worn)
Scrolls
 c - a scroll of noise {unknown}
 e - a scroll of identify {unknown}
Potions
 g - a potion of agility {unknown}
 i - a potion of curing {unknown}
Comestibles
 d - 2 rations


   Skills:
 * Level 1.6 Fighting
 + Level 1.4 Short Blades
 + Level 2.2 Dodging
 - Level 3.6 Stealth
 + Level 2.8 Spellcasting
 - Level 3.6 Hexes


You had 6 spell levels left.
You knew the following spells:

 Your Spells              Type           Power        Failure   Level  Hunger
a - Corona                Hex            ##.....      4%          1    #......

Your spell library contained the following spells:

 Spells                   Type           Power        Failure   Level  Hunger
 Ensorcelled Hibernation  Hex/Ice        #.....       16%         2    ###....
 Confuse                  Hex            ##......     16%         3    ###....
 Tukima's Dance           Hex            ##......     16%         3    ###....
 Dazzling Spray           Conj/Hex       #.....       30%         3    ###....


Dungeon Overview and Level Annotations

Branches:
Dungeon (1/15)

Altars:


Innate Abilities, Weirdness & Mutations

You cannot be hasted, slowed, berserked, paralysed or teleported.
You can dig through walls and to a lower floor.
Your four strong arms can wield two-handed weapons with a shield.
You have a pair of large antennae on your head. (SInv)


Message History

You hit the hobgoblin.
You kill the hobgoblin!
You hit the rat.
The rat is heavily wounded.
The rat bites you.
You hit the rat.
You kill the rat!
You hit the hobgoblin.
The hobgoblin is moderately wounded.
The hobgoblin hits you with a +0 club.
You barely miss the hobgoblin.
The hobgoblin is lightly wounded.
The hobgoblin hits you with a +0 club!
* * * LOW HITPOINT WARNING * * *
Are you sure you want to shaft yourself?
You feel quite a bit more hungry.
The hobgoblin hits you but does no damage.
You begin to dig a shaft.
You continue digging a shaft.
The hobgoblin hits you with a +0 club.
You die...

#.# ##.. ...##.#
##.# ... ######.#
##.#.#####.# ### #.#
#.#........# ... ..#
#..........###.# ###
#####...##(......).#
>.............##.#
#####...##....##g#
.####...###.#.##@#
#.......# #.#.##.#
.####.### #......#
## #.#######.####
#.........#
###########


You could see a hobgoblin.

Vanquished Creatures
  2 dart slugs (D:1)
  4 bats (D:1)
  2 giant cockroaches (D:1)
  2 goblins (D:1)
  5 hobgoblins (D:1)
  3 jackals (D:1)
  2 frilled lizards (D:1)
  4 kobolds (D:1)
  7 rats (D:1)
31 creatures vanquished.

Notes
Turn   | Place    | Note
-------+----------+-------------------------------------------
     0 | D:1      | Esekla the Formicid Enchanter began the quest for the Orb.
     0 | D:1      | Reached XP level 1. HP: 13/13 MP: 3/3
   130 | D:1      | Reached XP level 2. HP: 20/20 MP: 3/5
   356 | D:1      | Reached skill level 1 in Fighting
   492 | D:1      | Reached XP level 3. HP: 16/26 MP: 7/7
   827 | D:1      | Slain by a hobgoblin

Levels and vault maps discovered:
D:1:      sevenhm_arrival_forest_fort_small_4, layout_loops_ring,
          minmay_misc_feat_ornament

Skill      XL: |  1  2 |
---------------+-------+-----
Dodging        | 2 |  2.2
Fighting       | 1 |  1.6
Short Blades   | |  1.4
Stealth        | |  3.6
Spellcasting   | |  2.8
Hexes          | |  3.6

Action                   || total
-------------------------++-------
Melee: Dagger            ||    95
 Abil: Shaft Self        ||     1
 Stab: Sleeping          ||     8
       Distracted        ||     1
Armor: Robe              ||    12
Dodge: Dodged            ||    34
